 Dungeon Crawl Stone Soup version 0.29-a0-321-gf1c400731a (webtiles) character file.

Game seed: 16749214475855336494

3120 spaghetti the Grappler (level 10, -4/67 HPs)
             Began as a Djinni Fighter on Apr 3, 2022.
             Was a Priest of Okawaru.
             Slain by a freezing wraith (7 damage)
             ... led by a death knight
             ... on level 7 of the Dungeon.
             The game lasted 00:10:01 (8914 turns).

spaghetti the Grappler (Djinni Fighter)             Turns: 8914, Time: 00:10:02

Health: -4/67      AC: 15    Str: 19    XL:     10   Next: 14%
Gold:   413        EV: 13    Int: 10    God:    Okawaru [***...] SH:  7 Dex: 25

rFire   + + +      SeeInvis .     - Unarmed
rCold   x . .      Faith    .   b - +0 buckler
rNeg    . . .      Spirit   .   t - +5 scale mail of Tenacity {Harm Dex+4 Stlth+}
rPois   ∞          Reflect  .   (helmet restricted)
rElec   .          Harm     +   c - +0 cloak
rCorr   +          Rampage  .   (no gloves)
Will    +....      Clarity  +   (boots unavailable)
Stlth   +++.......              (no amulet)
HPRegen 0.21/turn               u - ring of resist corrosion
MPRegen 0.00/turn               n - +6 ring of dexterity

@: heroic, flying
A: sickness immunity, fire resistance 3, cold vulnerability 1, float, innate
caster, HP casting, extra vitality 1, claws 1, horns 1, agile 1, clarity
a: Renounce Religion, Heroism


You were on level 7 of the Dungeon.
You worshipped Okawaru.
Okawaru was most pleased with you.
You visited 2 branches of the dungeon, and saw 8 of its levels.

You collected 517 gold pieces.
You spent 104 gold pieces at shops.


Innate Abilities, Weirdness & Mutations

You are immune to sickness and miasma.
You are immune to poison.
Your flesh is almost immune to the effects of heat. (rF+++)
You are vulnerable to cold. (rC-)
You float through the air rather than walking.
You learn spells naturally, not from books.
Your magical power is your life essence.
You have superior vitality. (+4 MHP)
You have sharp fingernails.
You have a pair of small horns on your head.
You are agile. (Dex +2)
You possess an exceptional clarity of mind.


   Skills:
 - Level 3.0(8.0) Fighting
 * Level 5.9(10.9) Throwing
 + Level 6.5(11.5) Armour
 - Level 3.0(8.0) Shields
 + Level 10.1(15.1) Unarmed Combat


You couldn't memorise any spells.
You knew the following spells:

 Your Spells              Type           Power      Damage    Failure   Level
a - Pain                  Necr           0%         1d4       75%         1
b - Corpse Rot            Necr/Air       0%         N/A       86%         2
c - Lesser Beckoning      Tloc           0%         N/A       98%         3
d - Call Canine Familiar  Summ           0%         N/A       98%         3
Your spell library was empty.

Inventory:

Hand Weapons
 e - a +0 club {mace}
   (You took it off a goblin on level 1 of the Dungeon)
 f - a +0 dagger {short}
   (You found it on level 1 of the Dungeon)
 h - a +0 mace {mace}
   (You found it on level 1 of the Dungeon)
 i - a +0 club {mace}
   (You took it off a goblin on level 1 of the Dungeon)
 j - a +0 club {mace}
   (You found it on level 1 of the Dungeon)
 l - a +0 whip {mace}
   (You found it on level 1 of the Dungeon)
Missiles
 k - 2 boomerangs {throwing}
 p - 10 javelins {throwing}
 q - 174 stones (quivered) {throwing}
 r - 2 poisoned darts {throwing}
 G - 5 silver javelins {throwing}
 H - a curare-tipped dart {=fthrowing}
Armour
 a - a +0 scale mail
 b - a +0 buckler (worn)
 c - a +0 cloak (worn)
   (You found it on level 5 of the Dungeon)
 t - the +5 scale mail of Tenacity (worn) {Harm Dex+4 Stlth+}
   (You took it off a goblin on level 3 of the Dungeon)

   Dex:       It affects your dexterity (+4).
   Harm:      It increases damage dealt and taken.
   Stlth:     It makes you more stealthy.
Magical Staves
 F - a staff of fire {!astaff}
   (You found it on level 7 of the Dungeon)
Jewellery
 n - a +6 ring of dexterity (right claw)
   (You found it on level 1 of the Dungeon)
 u - a ring of resist corrosion (left claw)
   (You found it on level 3 of the Dungeon)
Wands
 D - a wand of digging (2)
   (You found it on level 7 of the Dungeon)
 E - a wand of acid (13)
   (You found it on level 7 of the Dungeon)
Scrolls
 d - 3 scrolls of immolation {!r!r}
 g - a scroll of magic mapping {unknown}
 o - 5 scrolls of identify {@r1}
 w - 3 scrolls of enchant weapon
 y - 2 scrolls of amnesia {unknown}
 A - a scroll of fear {unknown}
 B - a scroll of teleportation {unknown}
 C - a scroll of summoning {unknown}
Potions
 m - 2 potions of heal wounds {unknown}
 s - 2 potions of curing {@q1}
 v - a potion of flight {unknown}
 x - a potion of degeneration {unknown}
 z - a potion of resistance {unknown}
 I - a potion of attraction {unknown}

Dungeon Overview and Level Annotations

Branches:
Dungeon (7/15)             Temple (1/1) D:4

Altars:
Ashenzari
Cheibriados
Fedhas
Gozag
Hepliaklqana
Kikubaaqudgha
Makhleb
Nemelex Xobeh
Okawaru
Qazlal
Ru
Sif Muna
Trog
Vehumet
Wu Jian
Xom
Yredelemnul
Zin
The Shining One

Shops:
D:5 *   D:7 *(

Annotations:
D:7 1 runed translucent door, Crazy Yiuf

..#.#.._.........
......#.#...####
.......>.....#
..#..#......##
...#.#......#
...#...<....#
#..##.......# #####
............######......
###.............@W.#
...............Wp#####
#..............(...W.p.
..............#########
#....................
#.............#######
#.................
#......)....######
#..........##


You could see a death knight (reflects damage), a freezing wraith and a wraith.


Message History

You claw the lemure! You block the lemure's attack.
You barely miss the lemure. Your headbutt misses the lemure.
You barely miss the lemure. Your headbutt misses the lemure.
The lemure closely misses you.
You closely miss the lemure. The lemure barely misses you.
You closely miss the lemure. The lemure hits you but does no damage.
You barely miss the lemure. You headbutt the lemure.
The lemure hits you but does no damage.
You completely miss the lemure. Your headbutt misses the lemure.
The lemure hits you but does no damage.
You scratch the lemure but do no damage.
Your headbutt misses the lemure. You block the lemure's attack.
You barely miss the lemure. The lemure hits you but does no damage.
You scratch the lemure.
You headbutt the lemure, but do no damage.
The lemure hits you. 😕 HP[-2]
You take 2 damage, and now have 58/60 hp.
You scratch the lemure.
You kill the lemure!
That felt strangely unrewarding.
No target in view!
No target in view!
No target in view!
No target in view!
No target in view!
No target in view!
No target in view!
No target in view!
No target in view!
No target in view!
No target in view!
No target in view!
No target in view!
No target in view!
No target in view!
No target in view!
q - 174 stones {throwing} (gained 1)
A lemure and a wraith come into view.
The lemure shouts!
You hear a shout!
Pikel, Merchant of Souls comes into view.
He is wielding a +2 whip of freezing. 😎 HP[+2]
Your hp is fully restored (60).
A death knight comes into view. It is wielding a +3 battleaxe.
The death knight shouts!
Pikel shouts!
A lemure comes into view.
You hear a shout!
The lemure shouts!
You fail to use your ability.
Pikel hits you with a +2 whip of freezing.
Pikel freezes you.
A lemure comes into view. 😕 HP[-7]
You take 7 damage, and now have 53/60 hp.
Unknown command.
You gain the combat prowess of a mighty hero.
A freezing wraith comes into view.
Pikel closely misses you. 😕 HP[-2]
You take 2 damage, and now have 51/60 hp.
You barely miss Pikel. You headbutt Pikel! The wraith barely misses you.
Pikel hits you but does no damage.
You claw Pikel! Your headbutt misses Pikel. You block Pikel's attack.
The death knight offers itself to Yredelemnul, and fills with unholy energy.
The wraith hits you! 😮 HP[-8]
You take 8 damage, and now have 43/60 hp.
You claw Pikel!
You kill Pikel!
Okawaru is honoured by your kill.
With Pikel's spell broken, his former minions thank you for their freedom.
The lemure departs this earthly plane. x2
Your base Unarmed Combat skill increases to level 10!
You have reached level 10! 😮 HP[+6]
You now have 67 max hp (+7).
You regained 6 hp, and now have 49/67 hp.
You completely miss the death knight. You claw the death knight!
The death knight reflects your damage back at you! 😮 HP[-7]
You take 7 damage, and now have 42/67 hp.
You scratch the death knight.
The death knight reflects your damage back at you!
The death knight hits you with a +3 battleaxe!!
* * * LOW HITPOINT WARNING * * *
😨 HP[-22]
You take 22 damage, and now have 20/67 hp.
MASSIVE DAMAGE!! (PAUSE)
As you read the scroll labelled HETUHU RUROLU, it crumbles to dust.
It is a scroll of identify.
d - 3 scrolls of immolation You block the death knight's attack.
The wraith closely misses you.
As you read the scroll of identify {@r1}, it crumbles to dust.
w - 3 scrolls of enchant weapon The death knight hits you with a +3 battleaxe!
* * * LOW HITPOINT WARNING * * *
The wraith closely misses you. You block the freezing wraith's attack.
The freezing wraith hits you.
You die...

Skill      XL: |  1  2  3  4  5  6  7  8  9 |
---------------+----------------------------+-----
Unarmed Combat | 3 4 5 8 10 | 10.1
Throwing       | 1 2 3 4 5 |  5.9
Armour         | 6 |  6.5
Fighting       | |  3.0
Shields        | |  3.0

Action                   |  1- 3 |  4- 6 |  7- 9 | 10-12 || total
-------------------------+-------+-------+-------+-------++-------
Melee: Unarmed           |    99 |   160 |   191 |     3 ||   453
       Headbutt          |     1 |    30 |    48 |       ||    79
Throw: Stone             |    36 |   101 |   134 |       ||   271
       Javelin           |       |    22 |       |       ||    22
       Dart              |       |     8 |       |       ||     8
Invok: Heroism           |       |       |     6 |       ||     6
  Use: Potion            |     2 |     1 |     1 |       ||     4
       Scroll            |       |       |       |     2 ||     2
Armor: Scale mail        |    48 |    49 |   103 |       ||   200
Dodge: Dodged            |    17 |    46 |    64 |     2 ||   129
Block: Buckler           |    20 |    26 |    35 |     2 ||    83

Levels and vault maps discovered:
D:1:      dpeg_arrival_lava_temple_mockup, layout_loops_cross,
          minmay_misc_feat_hallway, dreamdust_wishing_well
D:2:      layout_basic, basic_altar
D:3:      layout_basic, lemuel_crystal_altar, serial_co_window_serial,
          co_window_corner_a, co_window_corner_a, co_window_paths_a,
          co_window_corner_a, co_window_paths_a, co_window_cross_4,
          co_window_broadway_c, co_window_broadway_c, co_window_paths_d,
          co_window_4corner_a, glass_columns_b
D:4:      layout_basic, nicolae_yredelemnul_corpse_copse,
          minmay_temple_entry_trees
D:5:      layout_basic, serial_shops, kennysheep_mini_moat
D:6:      layout_basic, gammafunk_temple_overflow_elements, st_stairs_1,
          palyth_stone_intersect
D:7:      layout_rooms, lemuel_crystal_altar, makhleb_heckhound_becter,
          serial_co_window_serial, co_window_paths_a, co_window_paths_a,
          co_window_corner_a, co_window_corner_a, co_window_corner_a,
          co_window_2corner, co_window_of_opportunity_b, co_window_paths_c,
          co_window_corner_cb, co_window_broadway_a, glass_columns_a,
          glass_columns_a, glass_columns_a, glass_columns_c,
          nicolae_elemental_shop, minmay_hedge_maze, doesnt_shop_hydraphobe,
          uniq_prince_ribbit1, uniq_pikel, uniq_crazy_yiuf_cottage
Temple:   oiseaux_autumnal_temple

Notes
Turn   | Place    | Note
-------+----------+-------------------------------------------
     0 | D:1      | spaghetti the Djinni Fighter began the quest for the Orb.
     0 | D:1      | Reached XP level 1. HP: 20/20 MP: 0/0
     0 | D:1      | magus.rc [v1.9.6]
   498 | D:1      | Reached XP level 2. HP: 8/25 MP: 0/0
   966 | D:1      | Reached skill level 3 in Unarmed Combat
  1353 | D:2      | Gained mutation: Your flesh is almost immune to the effects
                  | of heat. (rF+++) [potion of mutation]
  1353 | D:2      | Gained mutation: You tend to lose your temper in combat.
                  | [potion of mutation]
  1353 | D:2      | Gained mutation: You have a pair of small horns on your
                  | head. [potion of mutation]
  1358 | D:2      | Reached XP level 3. HP: 21/30 MP: 0/0
  1358 | D:2      | Learned a level 1 spell: Pain
  1562 | D:2      | Reached skill level 4 in Unarmed Combat
  1562 | D:2      | Reached XP level 4. HP: 31/35 MP: 0/0
  1651 | D:2      | Found a snail-covered altar of Cheibriados.
  1718 | D:2      | Reached skill level 1 in Throwing
  2344 | D:2      | Reached XP level 5. HP: 39/40 MP: 0/0
  2344 | D:2      | Learned a level 2 spell: Corpse Rot
  2698 | D:3      | Reached skill level 2 in Throwing
  2987 | D:3      | Identified the +5 scale mail of Tenacity {Harm Dex+4
                  | Stlth+}
  3783 | D:4      | Found a staircase to the Ecumenical Temple.
  3820 | D:5      | Entered Level 5 of the Dungeon
  3838 | Temple   | Entered the Ecumenical Temple
  3991 | Temple   | Became a worshipper of Warmaster Okawaru
  4314 | D:4      | Found a basalt altar of Yredelemnul.
  4322 | D:4      | Reached XP level 6. HP: 35/46 MP: 0/0
  4331 | D:4      | Reached skill level 3 in Throwing
  4541 | D:4      | Reached skill level 5 in Unarmed Combat
  5016 | D:5      | Noticed an ice beast
  5016 | D:5      | Noticed an ogre
  5025 | D:4      | Killed an ogre
  5025 | D:4      | Reached * piety under Okawaru
  5026 | D:4      | Reached XP level 7. HP: 26/50 MP: 0/0
  5026 | D:4      | Learned a level 3 spell: Lesser Beckoning
  5178 | D:5      | Reached skill level 4 in Throwing
  5576 | D:5      | Reached XP level 8. HP: 25/56 MP: 0/0
  5769 | D:5      | Reached skill level 5 in Throwing
  5883 | D:5      | Reached skill level 6 in Unarmed Combat
  6117 | D:5      | Reached skill level 7 in Unarmed Combat
  6246 | D:5      | HP: 12/56 [something (7)]
  6511 | D:5      | Identified the +0 pair of boots of the Ecumenical Temple
                  | {Harm Regen+ SInv}
  6572 | D:5      | Found Hiogaitun's General Store.
  6575 | D:5      | Bought a potion of mutation for 104 gold pieces
  6575 | D:5      | Lost mutation: You tend to lose your temper in combat.
                  | [potion of mutation]
  6575 | D:5      | Lost mutation: Your flesh is almost immune to the effects
                  | of heat. (rF+++) [potion of mutation]
  6575 | D:5      | Gained mutation: You possess an exceptional clarity of
                  | mind. [potion of mutation]
  6575 | D:5      | Gained mutation: You are agile. (Dex +2) [potion of
                  | mutation]
  6575 | D:5      | Gained mutation: You have sharp fingernails. [potion of
                  | mutation]
  6575 | D:5      | Gained mutation: Your flesh is almost immune to the effects
                  | of heat. (rF+++) [potion of mutation]
  7209 | D:6      | Reached skill level 8 in Unarmed Combat
  7301 | D:6      | Reached ** piety under Okawaru
  7372 | D:6      | Reached XP level 9. HP: 57/60 MP: 0/0
  7372 | D:6      | Learned a level 3 spell: Call Canine Familiar
  7415 | D:6      | Reached skill level 4 in Armour
  7420 | D:6      | Reached skill level 9 in Unarmed Combat
  7679 | D:6      | Reached skill level 5 in Armour
  7694 | D:6      | Found a hazy altar of Hepliaklqana.
  7694 | D:6      | Found an ornate altar of the Wu Jian Council.
  7787 | D:7      | Noticed Prince Ribbit
  7969 | D:7      | Killed Prince Ribbit
  7969 | D:7      | Reached *** piety under Okawaru
  7969 | D:7      | Received a gift from Okawaru
  8060 | D:7      | Found a burning altar of Makhleb.
  8151 | D:7      | Found Kaabroe's Hydra Hut.
  8155 | D:7      | Noticed an eight-headed hydra
  8357 | D:7      | Received a gift from Okawaru
  8368 | D:7      | Found a glowing golden altar of the Shining One.
  8376 | D:7      | Reached skill level 6 in Armour
  8712 | D:7      | Found Cawuil's Elemental Accessories.
  8786 | D:7      | Found a runed translucent door.
  8787 | D:7      | Noticed Crazy Yiuf
  8902 | D:7      | Noticed Pikel
  8903 | D:7      | Noticed a death knight
  8906 | D:7      | Noticed a freezing wraith
  8909 | D:7      | Killed Pikel
  8910 | D:7      | Reached skill level 10 in Unarmed Combat
  8910 | D:7      | Reached XP level 10. HP: 49/67 MP: 0/0
  8914 | D:7      | HP: 3/67 [death knight/+3 battleaxe (18)]
  8914 | D:7      | Slain by a freezing wraith

Vanquished Creatures
  Pikel (D:7)
  Prince Ribbit (D:7)
  2 steam dragons (D:6)
  3 ice beasts
  3 sky beasts
  2 black bears
  An ogre (D:4)
  2 centaurs (D:5)
  A lemure (D:7)
  2 phantoms
  A kobold brigand (D:7)
  4 necrophages
  A bullfrog (D:7)
  A scorpion (D:6)
  2 howler monkeys
  2 hounds
  A bullfrog zombie (D:4)
  2 jellies
  A scorpion zombie (D:4)
  4 iguanas
  An orc wizard (D:2)
  A howler monkey zombie (D:4)
  8 adders
  A shadow imp (D:6)
  A white imp (D:7)
  A dart slug (D:2)
  2 worms
  17 orcs
  6 endoplasms
  4 giant cockroaches
  7 goblins
  5 hobgoblins
  2 jackals (D:3)
  4 quokkas
  9 ball pythons
  7 bats
  6 frilled lizards
  A jackal zombie (D:4)
  6 kobolds
  5 rats
131 creatures vanquished.

Vanquished Creatures (others)
  A sky beast (D:7)
  2 bushes (D:7)
  2 fungi (D:7)
  A plant (D:7)
6 creatures vanquished.

Grand Total: 137 creatures vanquished

Table legend:
 A = Non-vault XP
 B = Vault XP
 C = Vault XP percentage of total XP
 D = Non-vault monster count
 E = Vault monster count
 F = Vault count percentage of total count
                 A         B        C        D         E       F
            +---------+---------+-------+---------+---------+-------
      Total |    3267 |    1191 |  26.7 |     122 |       9 |   6.9
            +---------+---------+-------+---------+---------+-------
        D:1 |      22 |       0 |   0.0 |      13 |       0 |   0.0
        D:2 |     128 |       0 |   0.0 |      26 |       0 |   0.0
        D:3 |      84 |       0 |   0.0 |      26 |       0 |   0.0
        D:4 |     296 |     100 |  25.3 |      10 |       4 |  28.6
        D:5 |    1067 |       0 |   0.0 |      17 |       0 |   0.0
        D:6 |     879 |     109 |  11.0 |      12 |       2 |  14.3
        D:7 |     791 |     982 |  55.4 |      18 |       3 |  14.3
            +---------+---------+-------+---------+---------+-------

Illustrated notes

Table legend:
 A = Kills in this place as a percentage of kills in entire the game.
 B = Kills by you in this place as a percentage of kills by you in the entire game.
 C = Kills by friends in this place as a percentage of kills by friends in the entire game.
 D = Other kills in this place as a percentage of other kills in the entire game.
 E = Experience gained in this place as a percentage of experience gained in the entire game.
 F = Experience gained in this place divided by the number of levels of this place that you have seen.
                   A       B       C       D       E      F
               +-------+-------+-------+-------+-------+----------------------
         Total | 100.0 | 100.0 |   N/A | 100.0 | 100.0 | 557.2
       Dungeon | 100.0 | 100.0 |   N/A | 100.0 | 100.0 | 636.9
               +-------+-------+-------+-------+-------+----------------------

Table legend: (Time is in decaauts)
 A = Elapsed time spent in this place.
 B = Non-inter-level travel time spent in this place.
 C = Inter-level travel time spent in this place.
 D = Time resting spent in this place.
 E = Time spent auto-exploring this place.
 F = Levels seen in this place.
 G = Mean time per level.
                   A        B        C        D        E       F      G
               +--------+--------+--------+--------+--------+-----+--------+
         Total |   8932 |   8632 |    300 |   1570 |   5935 |   8 | 1116.5 |
       Dungeon |   8737 |   8478 |    259 |   1570 |   5800 |   7 | 1248.1 |
        Temple |    194 |    153 |     41 |      0 |    135 |   1 |  194.0 |
               +--------+--------+--------+--------+--------+-----+--------+

Top non-repeatable levels by time:
     D:5: 1803 daAuts
     D:4: 1432 daAuts
     D:1: 1323 daAuts
     D:2: 1225 daAuts
     D:3: 1207 daAuts
     D:7: 1133 daAuts
     D:6: 611 daAuts
  Temple: 194 daAuts
